 Dungeon Crawl Stone Soup version 0.24-a0-7-g1bb0902 (webtiles) character file.

Game seed: 11225515003632783937

154 Mgcat the Insei (level 5, -5/35 HPs)
             Began as an Octopode Transmuter on Jan 30, 2019.
             Slain by a gnoll
             ... wielding a +0 whip
              (7 damage)
             ... on level 3 of the Dungeon.
             The game lasted 00:04:07 (1873 turns).

Mgcat the Insei (Octopode Transmuter)               Turns: 1873, Time: 00:04:08

Health: -5/35      AC:  1    Str: 10    XL:     5   Next: 36%
Magic:  0/8        EV: 14    Int: 19    God:
Gold:   102        SH:  0    Dex: 12    Spells: 5/8 levels left

rFire    . . .     SeeInvis .     - Unarmed
rCold    . . .     Gourm    .   (no shield)
rNeg     . . .     Faith    .   (helmet restricted)
rPois    .         Spirit   +   j - amulet of guardian spirit {Spirit}
rElec    .         Reflect  .   e - +3 ring of intelligence
rCorr    .         Harm     .   (no ring)
MR       .....                  (no ring)
Stlth    ++........             (no ring)
HPRegen  0.11/turn              (no ring)
MPRegen  0.11/turn              (no ring)
                                (no ring)
                                (no ring)

@: no status effects
A: almost no armour, stealthy swim, amphibious, 8 rings, constrict 8, camouflage
1, gelatinous body 1
a: no special abilities


You were on level 3 of the Dungeon.
You were near starving.

You visited 1 branch of the dungeon, and saw 3 of its levels.

You collected 102 gold pieces.

Inventory:

Missiles
 a - 24 arrows
Jewellery
 e - a +3 ring of intelligence (left tentacle)
   (You found it on level 1 of the Dungeon)
 j - an amulet of guardian spirit (around mantle) {Spirit}
   (You found it on level 2 of the Dungeon)
Scrolls
 d - 2 scrolls of blinking {unknown}
 f - 2 scrolls of identify
 g - a scroll of enchant armour {unknown}
 i - 2 scrolls of remove curse {unknown}
 l - a scroll of teleportation {unknown}
Potions
 b - a potion of brilliance {unknown}
 h - a potion of might {unknown}
 m - a potion of flight {unknown}
Comestibles
 c - 6 rations


   Skills:
 + Level 2.5 Fighting
 + Level 3.1 Dodging
 + Level 3.9 Unarmed Combat
 - Level 2.0 Spellcasting
 + Level 3.1 Transmutations


You had 5 spell levels left.
You knew the following spells:

 Your Spells              Type           Power        Failure   Level  Hunger
a - Beastly Appendage     Tmut           ##....       4%          1    #......
b - Sticks to Snakes      Tmut           ##......     7%          2    ###....

Your spell library contained the following spells:

 Spells                   Type           Power        Failure   Level  Hunger
 Spider Form              Tmut/Pois      #.........   26%         3    ###....
 Ice Form                 Ice/Tmut       #.......     65%         4    #####..
 Blade Hands              Tmut           ##........   77%         5    ######.


Dungeon Overview and Level Annotations

Branches:
Dungeon (3/15)

Altars:


Innate Abilities, Weirdness & Mutations

You cannot wear most types of armour.
You are very stealthy in the water. (Stealth+)
You are amphibious.
You can wear up to eight rings at the same time.
You can use your tentacles to constrict eight enemies at once.
Your skin changes colour to match your surroundings (Stealth+).
Your rubbery body absorbs attacks. (AC +1, EV +1)


Message History

The kobold wields a +0 blowgun.
The kobold shoots a poisoned needle.
The poisoned needle closely misses you.
A gnoll comes into view. It is wielding a +0 whip.
A gnoll comes into view. It is wielding a +0 flail.
The giant cockroach moves out of view.
Danger x4: gnoll x4!
The kobold unwields a +0 blowgun.
The kobold closely misses you.
You closely miss the kobold. You grab the kobold.
Your squeeze misses the kobold. You constrict the kobold. The kobold hits you.
You take 2 damage, and have 33/35 hp.
You now have 7/8 mp.
You tentacle-slap the kobold but do no damage.
The kobold is moderately wounded.
You constrict the kobold. The kobold hits you but does no damage.
Danger x4: gnoll x4!
You release your grip on the kobold.
The kobold wields a +0 blowgun.
The kobold shoots a poisoned needle.
The poisoned needle misses you.
Warning x3: The gnoll can hit for moderate damage in melee, and throws nets! x3
The gnoll closely misses you.
You tentacle-slap the gnoll but do no damage.
You grab the gnoll. You tentacle-slap the gnoll.
The gnoll is moderately wounded.
You constrict the gnoll, but do no damage.
The gnoll barely misses you.
Warning x3: The gnoll can hit for moderate damage in melee, and throws nets! x3
You tentacle-slap the gnoll.
The gnoll is heavily wounded.
You constrict the gnoll, but do no damage.
The gnoll closely misses you.
MP restored: 8 You tentacle-slap the gnoll but do no damage.
The gnoll is heavily wounded.
You constrict the gnoll. The gnoll barely misses you.
Warning x3: The gnoll can hit for moderate damage in melee, and throws nets! x3
You tentacle-slap the gnoll but do no damage.
You squeeze the gnoll.
You kill the gnoll!
You tentacle-slap the kobold but do no damage.
Your grab misses the kobold.
You squeeze the kobold, but do no damage.
The kobold is severely wounded.
The kobold unwields a +0 blowgun.
The kobold completely misses you.
Warning x3: The gnoll can hit for moderate damage in melee, and throws nets! x3
You miss the kobold. Your grab misses the kobold.
The kobold is severely wounded.
The kobold hits you.
Health restored: 35 You now have 7/8 mp.
Warning x2: The gnoll can hit for moderate damage in melee, and throws nets! x2
You barely miss the kobold. You grab the kobold.
The kobold is severely wounded.
You constrict the kobold.
You kill the kobold!
Warning x3: The gnoll can hit for moderate damage in melee, and throws nets! x3
You closely miss the gnoll. You grab the gnoll. You constrict the gnoll.
The gnoll hits you with a +0 flail.
The gnoll hits you from afar with a +0 spear.
You take 8 damage, and have 27/35 hp.
MASSIVE DAMAGE!!
You now have 5/8 mp.
You barely miss the gnoll.
The gnoll is lightly wounded.
You constrict the gnoll. The gnoll closely misses you.
The gnoll hits you from afar with a +0 spear!
You take 9 damage, and have 18/35 hp.
MASSIVE DAMAGE!!
You now have 4/8 mp.
Warning x3: The gnoll can hit for moderate damage in melee, and throws nets! x3
You are too injured to fight recklessly!
You are too injured to fight recklessly!
You are too injured to fight recklessly!
You tentacle-slap the gnoll.
The gnoll is moderately wounded.
You constrict the gnoll.
The gnoll hits you from afar with a +0 spear.
The gnoll barely misses you.
You take 4 damage, and have 14/35 hp.
You now have 3/8 mp.
Warning x3: The gnoll can hit for moderate damage in melee, and throws nets! x3
You tentacle-slap the gnoll. You squeeze the gnoll.
You kill the gnoll!
Warning x2: The gnoll can hit for moderate damage in melee, and throws nets! x2
The gnoll hits you with a +0 spear.
* * * LOW HITPOINT WARNING * * *
Items here: ( ))) †† a +0 flail; a +0 blowgun; 17 poisoned needles; a +0 flail; a gnoll corpse x2
You take 5 damage, and have 9/35 hp.
You now have 2/8 mp.
You tentacle-slap the gnoll. You grab the gnoll.
The gnoll is moderately wounded.
You constrict the gnoll. The gnoll completely misses you.
Warning x2: The gnoll can hit for moderate damage in melee, and throws nets! x2
You tentacle-slap the gnoll.
The gnoll is severely wounded.
You constrict the gnoll, but do no damage.
The gnoll hits you with a +0 spear!
* * * LOW HITPOINT WARNING * * *
You take 8 damage, and have 1/35 hp.
MASSIVE DAMAGE!!
You now have 1/8 mp.
Warning x2: The gnoll can hit for moderate damage in melee, and throws nets! x2
You tentacle-slap the gnoll.
You kill the gnoll!
Unknown command.
You tentacle-slap the gnoll. Your grab misses the gnoll.
The gnoll is moderately wounded.
The gnoll hits you with a +0 whip!
You die...

##########
#.........
#.........
#..########.........
.....(...@g.........
##..#######..#######
#...## #<### #.# ..#
#.## #. ..


You could see a gnoll.

Vanquished Creatures
  6 gnolls
  5 adders
  An ooze (D:3)
  2 dart slugs
  A leopard gecko (D:2)
  3 bats
  3 giant cockroaches
  7 goblins
  2 hobgoblins
  2 jackals (D:1)
  A ball python (D:2)
  8 kobolds
  7 rats
48 creatures vanquished.

Notes
Turn   | Place    | Note
-------+----------+-------------------------------------------
     0 | D:1      | Mgcat the Octopode Transmuter began the quest for the Orb.
     0 | D:1      | Reached XP level 1. HP: 13/13 MP: 3/3
   100 | D:1      | Reached XP level 2. HP: 16/18 MP: 5/5
   722 | D:2      | Learned a level 2 spell: Sticks to Snakes
   727 | D:2      | Reached XP level 3. HP: 23/23 MP: 6/6
   998 | D:2      | Reached skill level 2 in Fighting
   998 | D:2      | Reached XP level 4. HP: 23/29 MP: 7/7
  1524 | D:3      | Reached skill level 3 in Transmutations
  1528 | D:3      | HP: 6/29 [gnoll/+0 club (7)]
  1529 | D:3      | HP: 2/29 [gnoll/+0 club (4)]
  1532 | D:3      | Reached skill level 3 in Dodging
  1532 | D:3      | Reached XP level 5. HP: 3/35 MP: 1/8
  1871 | D:3      | HP: 1/35 [gnoll/+0 spear (8)]
  1873 | D:3      | Slain by a gnoll

Vault maps used:
D:1:      scummos_arrival_forest, minmay_strange_pillars, minmay_parallelograms
D:2:      minivault_25, kennysheep_cross_bottleneck, minmay_cut_off
D:3:      eat_drink_and_be_merry_uskayaw, nicolae_qazlal_style_of_elements

Skill      XL: |  1  2  3  4 |
---------------+-------------+-----
Fighting       | 2 |  2.5
Transmutations | 3 |  3.1
Dodging        | 3 |  3.1
Unarmed Combat | |  3.9
Spellcasting   | |  2.0

Action                   |  1- 3 |  4- 6 || total
-------------------------+-------+-------++-------
Melee: Unarmed           |    55 |    69 ||   124
       Constrict         |    22 |    17 ||    39
       Tentacles         |    11 |     8 ||    19
       Punch             |     2 |     1 ||     3
  Use: Scroll            |       |     1 ||     1
 Stab: Sleeping          |     7 |       ||     7
  Eat: Chunk             |       |     1 ||     1
Armor: Skin              |     7 |     7 ||    14
Dodge: Dodged            |    33 |    50 ||    83

Table legend:
 A = Non-vault XP
 B = Vault XP
 C = Vault XP percentage of total XP
 D = Non-vault monster count
 E = Vault monster count
 F = Vault count percentage of total count
                 A         B        C        D         E       F
            +---------+---------+-------+---------+---------+-------
      Total |     189 |      32 |  14.5 |      44 |       4 |   8.3
            +---------+---------+-------+---------+---------+-------
        D:1 |      28 |       0 |   0.0 |      15 |       0 |   0.0
        D:2 |      53 |      32 |  37.6 |      13 |       4 |  23.5
        D:3 |     108 |       0 |   0.0 |      16 |       0 |   0.0
            +---------+---------+-------+---------+---------+-------

Vault maps used:
D:1:      scummos_arrival_forest, minmay_strange_pillars, minmay_parallelograms
D:2:      minivault_25, kennysheep_cross_bottleneck, minmay_cut_off
D:3:      eat_drink_and_be_merry_uskayaw, nicolae_qazlal_style_of_elements

Table legend:
 A = Turns spent in this place as a percentage of turns spent in the entire game.
 B = Non-inter-level travel turns spent in this place as a percentage of non-inter-level travel turns spent in the entire game.
 C = Inter-level travel turns spent in this place as a percentage of turns spent in this place.
 D = Turns resting spent in this place as a percentage of non-inter-level travel turns spent in this place.
 E = Turns spent auto-exploring this place as a percentage of non-inter-level travel turns spent in this place.
 F = Non-inter-level travel turns spent in this place divided by the number of levels of this place that you've seen.
                   A       B       C       D       E      F
               +-------+-------+-------+-------+-------+----------------------
         Total | 100.0 | 100.0 |   5.1 |  15.3 |  66.8 | 592.3
       Dungeon | 100.0 | 100.0 |   5.1 |  15.3 |  66.8 | 592.3
               +-------+-------+-------+-------+-------+----------------------

Table legend:
 A = Kills in this place as a percentage of kills in entire the game.
 B = Kills by you in this place as a percentage of kills by you in the entire game.
 C = Kills by friends in this place as a percentage of kills by friends in the entire game.
 D = Other kills in this place as a percentage of other kills in the entire game.
 E = Experience gained in this place as a percentage of experience gained in the entire game.
 F = Experience gained in this place divided by the number of levels of this place that you have seen.
                   A       B       C       D       E      F
               +-------+-------+-------+-------+-------+----------------------
         Total | 100.0 | 100.0 |   N/A |   N/A | 100.0 |  73.7
       Dungeon | 100.0 | 100.0 |   N/A |   N/A | 100.0 |  73.7
               +-------+-------+-------+-------+-------+----------------------
